 Dungeon Crawl Stone Soup version 0.30-a0-329-g85436e0a43 (webtiles) character file.

Game seed: 14458653210112710070

113 lunkers the Sneak (level 4, -5/38 HPs)
             Began as an Armataur Brigand on Oct 28, 2022.
             Killed by divine providence
             ... invoked by an orc priest
              (8 damage)
             ... on level 3 of the Dungeon.
             The game lasted 00:02:54 (1863 turns).

lunkers the Sneak (Armataur Brigand)                Turns: 1863, Time: 00:02:54

Health: -5/38      AC:  5    Str: 16    XL:     4   Next: 65%
Magic:  4/4        EV:  9    Int: 11    God:
Gold:   133        SH:  0    Dex: 14    Spells: 3/3 levels left

rFire   . . .      SeeInvis .    o - +1 dagger (freeze)
rCold   . . .      Faith    .    (no shield)
rNeg    . . .      Spirit   .    b - +0 robe
rPois   .          Reflect  .    (no helmet)
rElec   .          Harm     .    c - +0 cloak
rCorr   +          Roll     +    (no gloves)
Will    +....                    (no barding)
Stlth   +++.......               (no amulet)
HPRegen 0.26/turn                n - ring of willpower
MPRegen 0.09/turn                t - ring of resist corrosion

@: no status effects
A: large, rugged brown scales 3, deformed body, armoured tail, roll, long
tongue, awkward tongue
a: no special abilities


You were on level 3 of the Dungeon.
You visited 1 branch of the dungeon, and saw 3 of its levels.

You collected 133 gold pieces.

Inventory:

Hand Weapons
 a - a +2 dagger
 o - a +1 dagger of freezing (weapon)
 v - a +0 dagger of protection
Missiles
 d - 9 poisoned darts
Armour
 b - a +0 robe (worn)
 c - a +0 cloak (worn)
Jewellery
 n - a ring of willpower (left hand)
 t - a ring of resist corrosion (right hand)
Wands
 e - a wand of acid (4)
Scrolls
 f - a scroll of magic mapping {unknown}
 g - a scroll of fog {unknown}
 h - a scroll of enchant armour {unknown}
 i - a scroll of brand weapon {unknown}
 j - a scroll of blinking
 k - a scroll of immolation {unknown}
 m - 2 scrolls of teleportation {unknown}
 q - a scroll of enchant weapon {unknown}
 u - a scroll of noise {unknown}
Potions
 l - a potion of mutation {unknown}
 p - a potion of resistance {unknown}
 r - a potion of lignification {unknown}
 s - 2 potions of flight {unknown}
 w - a potion of haste {unknown}


   Skills:
 - Level 1.7 Fighting
 + Level 3.6 Short Blades
 - Level 1.7 Throwing
 - Level 0.6 Dodging
 + Level 5.6 Stealth


You had 3 spell levels left.
You didn't know any spells.
Your spell library was empty.

Dungeon Overview and Level Annotations

Branches:
Dungeon (3/15)

Altars:

Shops:
D:2 =

Annotations:
D:3 Grinder


Innate Abilities, Weirdness & Mutations

You are completely covered in rugged brown scales. (AC +3, +7% HP)
Armour fits poorly on your strangely shaped body.
You have a long armoured tail.
You roll when moving toward enemies. (Rampage)
Your long tongue fully drains potion bottles. (2x potion effects)
Your tongue gives you trouble enunciating. (1.5x scroll delay)


Message History

You kill Ijyb!
The orc priest calls down the wrath of Beogh upon you.
Beogh smites you!
An orc priest and 2 orcs come into view.
The orc shouts!
The orc priest shouts!
You hear a shout!
Things that are here:
a +4 club; a +0 leather armour; a wand of acid (6)
e - a wand of acid (6)
The orc priest calls down the wrath of Beogh upon you.
Beogh smites you!
* * * LOW HITPOINT WARNING * * *
The orc priest hits you with a +0 club.
* * * LOW HITPOINT WARNING * * *
That's the wrong kind of item! (Use * to select it.) Evoke which item? (* to show all) (? for menu, Esc to quit)
Aiming: Corrosive Bolt
Press: ? - help, Shift-Dir - straight line, f - orc
Aim: an orc, wielding a +0 mace (71% to hit)
The bolt of acid hits the orc priest!
The acid corrodes the orc priest!
The orc priest is severely wounded.
The bolt of acid misses the orc priest.
The bolt of acid misses the orc.
The orc priest hits you with a +0 club.
* * * LOW HITPOINT WARNING * * *
The orc priest calls down the wrath of Beogh upon you.
Beogh smites you!
* * * LOW HITPOINT WARNING * * *
A hobgoblin comes into view.
Aiming: Corrosive Bolt
Press: ? - help, Shift-Dir - straight line, f/p - orc
Aim: an orc, wielding a +0 mace (71% to hit)
The bolt of acid hits the orc priest!
The orc priest seems to be corroded for longer.
You kill the orc priest!
The bolt of acid hits the orc priest!
The acid corrodes the orc priest!
The orc priest is severely wounded.
The bolt of acid hits the orc!
You kill the orc!
The orc priest invokes the aid of Beogh against you.
Beogh smites you!
You die...

.## #..# .. ..##..#
####.##..# ...#.##..#
##.#.....###.# ##
#..........## #(#
####..#.####.##
#.##### .#
#..#.####..###)..oog.
.###...........#@#
......#......##.##
#################


You could see an orc priest (corroded), an orc and a hobgoblin.

Vanquished Creatures
  An orc priest (D:3)
  An orc wizard (D:3)
  Ijyb (D:3)
  An adder (D:2)
  A worm (D:2)
  A dart slug (D:2)
  4 orcs (D:3)
  6 bats
  5 endoplasms
  A giant cockroach (D:1)
  4 goblins
  5 hobgoblins
  A quokka (D:2)
  8 ball pythons
  3 frilled lizards
  2 kobolds (D:2)
  7 rats
52 creatures vanquished.

Notes
Turn   | Place    | Note
-------+----------+-------------------------------------------
     0 | D:1      | lunkers the Armataur Brigand began the quest for the Orb.
     0 | D:1      | Reached XP level 1. HP: 18/18 MP: 1/1
   176 | D:1      | Reached XP level 2. HP: 25/25 MP: 2/2
  1110 | D:2      | Reached XP level 3. HP: 31/31 MP: 3/3
  1227 | D:2      | Reached skill level 5 in Stealth
  1239 | D:2      | Found Lamyin's Jewellery Boutique.
  1557 | D:3      | Reached XP level 4. HP: 38/38 MP: 4/4
  1702 | D:3      | Noticed Ijyb
  1706 | D:3      | Noticed Grinder
  1859 | D:3      | Killed Ijyb
  1863 | D:3      | Killed from afar by an orc priest

Illustrated notes

Levels and vault maps discovered:
D:1:      dpeg_arrival_another_circle, layout_basic, serial_aquarium,
          aquarium_bridge_long_separate [aquarium_subvault_window,
          aquarium_subvault_wall, aquarium_subvault_bridge,
          aquarium_subvault_bridge, aquarium_subvault_bridge,
          aquarium_subvault_bridge], aquarium_bridge_square
          [aquarium_subvault_wall, aquarium_subvault_bridge,
          aquarium_subvault_balcony, aquarium_subvault_window],
          aquarium_window_3, aquarium_window_1, aquarium_window_2,
          aquarium_view_2a, aquarium_view_2c, st_stairs_9,
          kennysheep_small_spiral, corexii_item_surrounded_by_moat
D:2:      layout_loops_ring, serial_shops, shop
D:3:      layout_loops_ring, uniq_ijyb, uniq_sigmund, uniq_grinder

Skill      XL: |  1  2  3 |
---------------+----------+-----
Short Blades   | 2 3 |  3.6
Stealth        | 5 |  5.6
Fighting       | |  1.7
Throwing       | |  1.7
Dodging        | |  0.6

Action                   |  1- 3 |  4- 6 || total
-------------------------+-------+-------++-------
Melee: Dagger            |    88 |    32 ||   120
       Tailslap          |     4 |     1 ||     5
       Punch             |     1 |       ||     1
Throw: Dart              |       |     4 ||     4
Evoke: Wand              |       |     2 ||     2
  Use: Scroll            |       |     1 ||     1
 Stab: Sleeping          |    16 |       ||    16
Armor: Robe              |    28 |    10 ||    38
Dodge: Dodged            |    16 |    14 ||    30

Table legend: (Time is in decaauts)
 A = Elapsed time spent in this place.
 B = Non-inter-level travel time spent in this place.
 C = Inter-level travel time spent in this place.
 D = Time resting spent in this place.
 E = Time spent auto-exploring this place.
 F = Levels seen in this place.
 G = Mean time per level.
                   A        B        C        D        E       F      G
               +--------+--------+--------+--------+--------+-----+--------+
         Total |   1845 |   1711 |    134 |     35 |   1374 |   3 |  615.0 |
       Dungeon |   1845 |   1711 |    134 |     35 |   1374 |   3 |  615.0 |
               +--------+--------+--------+--------+--------+-----+--------+

Top non-repeatable levels by time:
     D:1: 1017 daAuts
     D:2: 570 daAuts
     D:3: 257 daAuts
